[ AOE2 MATCH · #505420944 ]
UnrankedEthiopians vs Turks
Player's team · WIN
Rival team · LOSS
[ REPLAY ANALYSIS · EXTRACTED FROM THE RECORDED GAME ]
Feudal
10:50
Castle
21:00
Imperial
35:04
| APM avg | 48.4 |
| APM peak | 88 |
| eAPM avg | 26.3 |
| Villagers / military | 99 / 74 |
Focus
⚔️ 48.0% · 🌾 52.0%
Archer ×49 · Spearman ×15 · Mangonel ×5 · Skirmisher ×3 · Militia ×2
Feudal
8:52
Castle
23:56
Imperial
—
| APM avg | 65.5 |
| APM peak | 101 |
| eAPM avg | 31.0 |
| Villagers / military | 101 / 61 |
Focus
⚔️ 39.3% · 🌾 60.7%
Archer ×31 · Mangonel ×12 · Scout Cavalry ×8 · Cavalry Archer ×4 · Monk ×3 · Knight ×2
Match map
Initial resources + every placement click. Lines = walls · curves = elevation contours. ◆ gold · ⬟ stone · ● berries · ✦ relic · ◌ wall gap
Your base· Open — unwalled flank
DK_Partyman96's base· Open — unwalled flank
Smoothed initial terrain · ◌ = detected wall gap · hover for details
Inputs per minute
— G-Dragon - - DK_Partyman96
Build order — G-Dragon
First 150 of 305 actions detected
| 0:01 | Create | Villager (Male) |
| 0:02 | Build | House |
| 0:03 | Build | House |
| 0:13 | Create | Villager (Male) |
| 0:22 | Create | Villager (Male) |
| 0:22 | Create | Villager (Male) |
| 0:22 | Create | Villager (Male) |
| 1:25 | Create | Villager (Male) |
| 1:37 | Build | Lumber Camp |
| 2:04 | Create | Villager (Male) |
| 2:25 | Create | Villager (Male) |
| 2:59 | Create | Villager (Male) |
| 3:22 | Create | Villager (Male) |
| 3:30 | Build | House |
| 3:45 | Create | Villager (Male) |
| 4:14 | Create | Villager (Male) |
| 4:43 | Create | Villager (Male) |
| 5:05 | Build | House |
| 5:09 | Create | Villager (Male) |
| 5:12 | Build | Barracks |
| 5:25 | Research | Loom |
| 5:25 | Research | Loom |
| 6:03 | Create | Villager (Male) |
| 6:10 | Build | Mill |
| 6:10 | Create | Militia |
| 6:20 | Create | Villager (Male) |
| 6:29 | Create | Militia |
| 6:36 | Build | House |
| 6:37 | Build | House |
| 6:45 | Create | Villager (Male) |
| 7:08 | Create | Villager (Male) |
| 7:12 | Build | Palisade Wall |
| 7:41 | Create | Villager (Male) |
| 8:11 | Create | Villager (Male) |
| 8:40 | Research | Feudal Age |
| 8:40 | Research | Feudal Age |
| 9:07 | Build | Lumber Camp |
| 9:20 | Build | Mill |
| 10:10 | Create | Villager (Male) |
| 10:19 | Build | House |
| 10:32 | Build | House |
| 10:46 | Build | Farm |
| 10:50 | Age | Feudal Age |
| 10:51 | Build | Palisade Wall |
| 10:54 | Build | Archery Range |
| 10:57 | Research | Double-Bit Axe |
| 11:00 | Create | Villager (Male) |
| 11:06 | Research | Horse Collar |
| 11:30 | Create | Villager (Male) |
| 11:38 | Create | Skirmisher |
| 11:48 | Build | Mining Camp |
| 11:52 | Build | Farm |
| 11:55 | Create | Villager (Male) |
| 12:01 | Build | Palisade Wall |
| 12:03 | Build | Palisade Wall |
| 12:07 | Create | Archer |
| 12:19 | Create | Villager (Male) |
| 12:31 | Build | Archery Range |
| 12:33 | Create | Archer |
| 12:41 | Build | Palisade Wall |
| 12:43 | Create | Villager (Male) |
| 12:50 | Build | Farm |
| 12:56 | Create | Villager (Male) |
| 12:59 | Create | Skirmisher |
| 13:05 | Build | House |
| 13:12 | Build | Farm |
| 13:17 | Build | Palisade Wall |
| 13:24 | Create | Villager (Male) |
| 13:29 | Create | Skirmisher |
| 13:31 | Create | Archer |
| 13:49 | Build | Blacksmith |
| 13:56 | Build | House |
| 14:00 | Create | Villager (Male) |
| 14:07 | Build | Farm |
| 14:10 | Create | Archer |
| 14:10 | Create | Archer |
| 14:17 | Build | House |
| 14:23 | Create | Villager (Male) |
| 14:25 | Create | Archer |
| 14:40 | Build | Farm |
| 14:42 | Build | Farm |
| 14:43 | Research | Fletching |
| 14:43 | Research | Fletching |
| 14:48 | Create | Villager (Male) |
| 15:00 | Build | Farm |
| 15:03 | Build | Farm |
| 15:14 | Create | Villager (Male) |
| 15:14 | Create | Villager (Male) |
| 15:16 | Create | Archer |
| 15:16 | Create | Archer |
| 15:24 | Build | Farm |
| 15:38 | Create | Villager (Male) |
| 15:43 | Build | Farm |
| 16:16 | Create | Villager (Male) |
| 16:18 | Build | Farm |
| 16:20 | Create | Archer |
| 16:20 | Create | Archer |
| 16:31 | Create | Archer |
| 16:31 | Create | Archer |
| 16:42 | Create | Villager (Male) |
| 16:44 | Build | Farm |
| 16:56 | Build | Farm |
| 17:04 | Create | Archer |
| 17:05 | Create | Archer |
| 17:07 | Create | Villager (Male) |
| 17:46 | Create | Villager (Male) |
| 17:53 | Build | Lumber Camp |
| 18:16 | Research | Castle Age |
| 18:16 | Research | Castle Age |
| 18:19 | Create | Spearman |
| 18:23 | Create | Spearman |
| 18:50 | Create | Archer |
| 18:51 | Create | Archer |
| 19:08 | Research | Gold Mining |
| 19:12 | Create | Archer |
| 19:12 | Create | Archer |
| 19:13 | Research | Padded Archer Armor |
| 19:13 | Research | Padded Archer Armor |
| 19:24 | Create | Archer |
| 19:24 | Create | Archer |
| 19:36 | Create | Villager (Male) |
| 19:57 | Create | Archer |
| 19:57 | Create | Archer |
| 20:22 | Create | Archer |
| 21:00 | Age | Castle Age |
| 21:01 | Research | Crossbowman (upgrade) |
| 21:01 | Research | Crossbowman (upgrade) |
| 21:01 | Research | Bodkin Arrow |
| 21:02 | Research | Bodkin Arrow |
| 21:02 | Research | Bow Saw |
| 21:03 | Research | Bow Saw |
| 21:05 | Build | University |
| 21:18 | Create | Archer |
| 21:18 | Create | Archer |
| 21:24 | Build | Lumber Camp |
| 21:27 | Create | Villager (Male) |
| 21:31 | Build | Town Center |
| 22:19 | Research | Wheelbarrow |
| 22:22 | Create | Archer |
| 22:22 | Create | Archer |
| 22:25 | Research | Ballistics |
| 22:25 | Research | Ballistics |
| 22:34 | Create | Villager (Male) |
| 22:43 | Research | Heavy Plow |
| 22:59 | Create | Archer |
| 23:00 | Create | Archer |
| 23:13 | Build | Farm |
| 23:32 | Create | Villager (Male) |
| 23:32 | Create | Villager (Male) |
| 23:36 | Create | Villager (Male) |
Build order — DK_Partyman96
First 150 of 264 actions detected
| 0:00 | Create | Villager (Male) |
| 0:01 | Create | Villager (Male) |
| 0:02 | Build | House |
| 0:02 | Build | House |
| 0:11 | Create | Villager (Male) |
| 0:11 | Create | Villager (Male) |
| 1:24 | Create | Villager (Male) |
| 1:57 | Create | Villager (Male) |
| 2:10 | Create | Villager (Male) |
| 2:11 | Create | Villager (Male) |
| 2:33 | Build | Lumber Camp |
| 2:41 | Create | Villager (Male) |
| 2:42 | Create | Villager (Male) |
| 2:51 | Create | Villager (Male) |
| 2:51 | Create | Villager (Male) |
| 3:36 | Create | Villager (Male) |
| 3:39 | Create | Villager (Male) |
| 3:39 | Create | Villager (Male) |
| 3:53 | Build | House |
| 3:58 | Build | House |
| 4:11 | Create | Villager (Male) |
| 4:11 | Create | Villager (Male) |
| 4:12 | Create | Villager (Male) |
| 5:31 | Create | Villager (Male) |
| 5:33 | Create | Villager (Male) |
| 5:51 | Research | Loom |
| 6:14 | Build | Mining Camp |
| 6:25 | Create | Villager (Male) |
| 6:42 | Research | Feudal Age |
| 7:50 | Build | Barracks |
| 8:10 | Build | Palisade Wall |
| 8:45 | Create | Villager (Male) |
| 8:49 | Build | House |
| 8:52 | Age | Feudal Age |
| 9:03 | Create | Villager (Male) |
| 9:11 | Build | Palisade Wall |
| 9:14 | Build | Palisade Wall |
| 9:16 | Build | Palisade Wall |
| 9:22 | Create | Villager (Male) |
| 9:24 | Build | Archery Range |
| 9:51 | Create | Villager (Male) |
| 9:54 | Build | Mill |
| 10:07 | Create | Archer |
| 10:08 | Create | Archer |
| 10:16 | Create | Archer |
| 10:20 | Build | House |
| 10:26 | Build | Palisade Wall |
| 10:27 | Create | Archer |
| 10:28 | Create | Archer |
| 10:30 | Create | Archer |
| 10:39 | Create | Villager (Male) |
| 10:48 | Create | Archer |
| 10:54 | Create | Archer |
| 11:05 | Create | Villager (Male) |
| 11:05 | Create | Villager (Male) |
| 11:09 | Create | Archer |
| 11:41 | Create | Archer |
| 11:41 | Create | Villager (Male) |
| 11:45 | Build | Farm |
| 11:47 | Build | Farm |
| 12:02 | Build | Farm |
| 12:06 | Create | Villager (Male) |
| 12:09 | Create | Archer |
| 12:23 | Create | Villager (Male) |
| 12:28 | Build | Farm |
| 12:33 | Create | Archer |
| 12:52 | Build | Farm |
| 12:52 | Create | Villager (Male) |
| 13:08 | Build | House |
| 13:16 | Build | Farm |
| 13:17 | Create | Villager (Male) |
| 13:28 | Build | House |
| 13:32 | Create | Archer |
| 13:40 | Create | Villager (Male) |
| 14:11 | Build | Palisade Wall |
| 14:14 | Create | Villager (Male) |
| 14:22 | Build | Blacksmith |
| 14:29 | Create | Archer |
| 14:36 | Create | Villager (Male) |
| 14:41 | Create | Archer |
| 14:56 | Build | House |
| 15:06 | Research | Fletching |
| 15:06 | Research | Fletching |
| 15:07 | Build | House |
| 15:13 | Create | Archer |
| 15:21 | Create | Villager (Male) |
| 15:29 | Create | Archer |
| 15:32 | Create | Villager (Male) |
| 15:52 | Create | Archer |
| 16:07 | Create | Archer |
| 16:14 | Create | Archer |
| 16:17 | Create | Villager (Male) |
| 16:19 | Build | Stable |
| 16:21 | Create | Villager (Male) |
| 16:24 | Build | Farm |
| 16:30 | Build | House |
| 16:42 | Create | Archer |
| 17:02 | Create | Archer |
| 17:18 | Create | Scout Cavalry |
| 17:20 | Build | Lumber Camp |
| 17:26 | Build | Palisade Gate |
| 17:27 | Build | House |
| 17:30 | Create | Archer |
| 17:40 | Build | Palisade Gate |
| 17:52 | Create | Villager (Male) |
| 17:58 | Create | Archer |
| 18:18 | Create | Villager (Male) |
| 18:27 | Create | Scout Cavalry |
| 18:49 | Create | Villager (Male) |
| 18:51 | Build | Farm |
| 18:51 | Build | Farm |
| 18:54 | Build | Farm |
| 18:54 | Build | Farm |
| 19:00 | Create | Archer |
| 19:03 | Create | Villager (Male) |
| 19:14 | Create | Villager (Male) |
| 19:15 | Build | Farm |
| 19:16 | Create | Villager (Male) |
| 19:24 | Create | Villager (Male) |
| 19:28 | Create | Archer |
| 19:31 | Create | Villager (Male) |
| 19:35 | Build | Market |
| 19:35 | Create | Villager (Male) |
| 19:44 | Create | Archer |
| 20:03 | Create | Archer |
| 20:05 | Create | Villager (Male) |
| 20:12 | Build | Farm |
| 20:13 | Build | Farm |
| 20:16 | Create | Archer |
| 20:22 | Build | Palisade Wall |
| 20:24 | Create | Archer |
| 20:27 | Build | House |
| 20:32 | Create | Villager (Male) |
| 20:39 | Build | House |
| 20:41 | Build | House |
| 20:45 | Build | House |
| 21:07 | Build | Farm |
| 21:16 | Research | Castle Age |
| 21:19 | Build | Farm |
| 21:21 | Build | Farm |
| 22:00 | Create | Archer |
| 22:08 | Build | Watch Tower |
| 22:16 | Build | Stable |
| 22:18 | Create | Scout Cavalry |
| 22:37 | Build | Lumber Camp |
| 22:59 | Create | Scout Cavalry |
| 23:21 | Research | Scale Barding Armor |
| 23:22 | Research | Scale Barding Armor |
| 23:25 | Build | Farm |
| 23:25 | Build | Farm |
Match timeline
| 5:12 | G-Dragon · first_building Barracks |
| 7:12 | G-Dragon · wall_segment Palisade Wall x5 |
| 7:50 | DK_Partyman96 · first_building Barracks |
| 8:10 | DK_Partyman96 · wall_segment Palisade Wall x1 |
| 8:52 | DK_Partyman96 · age_up feudal |
| 9:11 | DK_Partyman96 · wall_segment Palisade Wall x1 |
| 9:14 | DK_Partyman96 · wall_segment Palisade Wall x1 |
| 9:16 | DK_Partyman96 · wall_segment Palisade Wall x1 |
| 9:24 | DK_Partyman96 · first_building Archery Range |
| 10:26 | DK_Partyman96 · wall_segment Palisade Wall x6 |
| 10:50 | G-Dragon · age_up feudal |
| 10:51 | G-Dragon · wall_segment Palisade Wall x1 |
| 10:54 | G-Dragon · first_building Archery Range |
| 12:01 | G-Dragon · wall_segment Palisade Wall x1 |
| 12:03 | G-Dragon · wall_segment Palisade Wall x4 |
| 12:41 | G-Dragon · wall_segment Palisade Wall x5 |
| 13:17 | G-Dragon · wall_segment Palisade Wall x4 |
| 14:11 | DK_Partyman96 · wall_segment Palisade Wall x1 |
| 16:19 | DK_Partyman96 · first_building Stable |
| 20:22 | DK_Partyman96 · wall_segment Palisade Wall x1 |
| 20:53 | DK_Partyman96 · first_market_sell 100 wood |
| 20:54 | DK_Partyman96 · first_market_buy 100 food |
| 21:00 | G-Dragon · age_up castle |
| 23:56 | DK_Partyman96 · age_up castle |
| 24:01 | DK_Partyman96 · first_building Siege Workshop |
| 24:18 | DK_Partyman96 · first_building Monastery |
| 27:54 | G-Dragon · first_building Siege Workshop |
| 28:23 | G-Dragon · first_building Monastery |
| 35:04 | G-Dragon · age_up imperial |
| 35:06 | DK_Partyman96 · resign |
[ AI ANALYSIS · 1 CREDIT ]
What really happened in this match?
Wolo.gg analyzes every decision: build order, eco, micro, common mistakes by bracket. Personalized analysis on WhatsApp or Discord in 30 seconds.
Civ guide
Ethiopians
Perfil
Jugador #438920